Cogmind - Beta 14 @@@ ROGUE MODE // 2024.08.18 @ 17:56:12 Player: opdo Result: Destroyed by 3T-8BK(R) with Subdweller Beam Cannon Performance ------------- Evolutions (0) 0 Regions Visited (2) 400 Robots Destroyed (18) 90 Value Destroyed (469) 469 Prototype IDs (0) 0 Alien Tech Used (0) 0 Bonus (0) 0 TOTAL SCORE: 959 Bonus ------- None Cogmind --------- Core Integrity 0/250 Matter 137/300 Energy 200/200 System Corruption 0% Temperature Cool (9) Movement Walking (130) Location -10/Subcaves Parts ------- > --- POWER (1) -------- Subdweller Power Source > --- PROPULSION (2) --- Aluminum Leg Makeshift Leg > --- UTILITY (2) ------ Small Storage Unit > --- WEAPON (2) ------- Heavy Assault Rifle Rocket Launcher > --- INVENTORY (8) ---- Makeshift Power Source Light Treads Subdweller Monowheel Improved Terrain Scanner Scrap Shield Subdweller Beam Cannon Battle Rifle Peak State ------------ > --- POWER ------------ Subdweller Power Source > --- PROPULSION ------- Aluminum Leg Makeshift Leg > --- UTILITY ---------- Small Storage Unit Seismic Detector > --- WEAPON ----------- Heavy Assault Rifle Battle Rifle > --- INVENTORY -------- Makeshift Power Source Light Treads Subdweller Monowheel Improved Terrain Scanner Scrap Shield Subdweller Beam Cannon Rocket Launcher [Rating: 14] Favorites ----------- Power Ion Engine Engine Ion Engine Propulsion Aluminum Leg Leg Aluminum Leg Utility Small Storage Unit Device Improved Terrain Scanner Storage Small Storage Unit Protection Scrap Shield Weapon Assault Rifle Ballistic Gun Assault Rifle Launcher Rocket Launcher Special Weapon Mining Laser Build | -11 -10 -10 ------- Run | Yrd Mat Sub Slots Evolved . | . . . Power . | . . . Propulsion . | . . . Utility . | . . . Weapon . | . . . Parts Attached 27 | 7 3 17 Power 4 | 1 . 3 Engine 4 | 1 . 3 Core . | . . . Reactor . | . . . Propulsion 6 | 2 2 2 Treads . | . . . Leg 6 | 2 2 2 Wheel . | . . . Hover . | . . . Flight . | . . . Utility 5 | 2 . 3 Device 2 | 1 . 1 Storage 2 | 1 . 1 Processor . | . . . Hackware . | . . . Protection 1 | . . 1 Artifact . | . . . Weapon 12 | 2 1 9 Energy Gun . | . . . Energy Cannon . | . . . Ballistic Gun 8 | 2 1 5 Ballistic Cannon . | . . . Launcher 3 | . . 3 Special Weapon 1 | . . 1 Impact Weapon . | . . . Slashing Weapon . | . . . Piercing Weapon . | . . . Special Melee Weapon . | . . . Unidentified Prototypes . | . . . Parts Lost 4 | . . 4 Power . | . . . Propulsion 1 | . . 1 Utility 1 | . . 1 Weapon 2 | . . 2 Highest Loss Streak 2 | . . 2 To Critical Strikes . | . . . Average Slot Usage (%) 99 | . 99 99 Engine 14 | . 14 14 Leg 28 | . 28 28 Device 13 | . 14 13 Storage 13 | . 14 13 Ballistic Gun 22 | . 27 16 Launcher 3 | . . 6 Special Weapon 1 | . . 3 Peak Build Rating 14 | 9 10 14 Average Rating 10 | 4 9 11 On Entrance 6 | . 9 9 Naked Turns . | . . . Heaviest Build 29 | 14 14 29 Greatest Support 30 | 20 20 30 Greatest Overweight (x) 1 | . . 1 Average Overweight (x) . | . . . Largest Inventory Capacity 8 | 8 8 8 Average Capacity 7 | 6 8 7 Most Carried 8 | 4 8 8 Average Carried 7 | 2 7 7 Final Capacity 8 | 8 8 8 Final Carried 8 | 4 8 8 Class Distribution -------------------- 61% | Mutant 38% | Scavenger-Mutant Dominant Class ---------------- Mutant | -10/Materials Scavenger-Mutant | -10/Subcaves Resources | -11 -10 -10 ----------- Run | Yrd Mat Sub Matter Collected 676 | 120 277 279 Remotely . | . . . Salvage Created 663 | 43 363 257 Parts 47 | 5 21 21 Haulers Intercepted . | . . . Recyclers Shooed . | . . . Parts Field Recycled . | . . . Retrieved Matter . | . . . Parts Self-Destructed 3 | . . 3 Prevented . | . . . Kills | -11 -10 -10 ------- Run | Yrd Mat Sub Combat Hostiles Destroyed 12 | . 4 8 Guns 6 | . 4 2 AOE 6 | . . 6 Classes Destroyed 7 | 1 4 2 Tunneler 3 | 2 1 . Recycler 2 | . 2 . Watcher 1 | . 1 . Swarmer 2 | . 2 . Grunt 3 | . 2 1 Sentry 1 | . . 1 Subdweller 6 | . . 6 Best Kill Streak 3 | 1 3 2 Combat Bots Only 2 | . 2 2 Max Kills in Single Turn 2 | 1 1 2 Gunslinging . | . . . Exploded 2 | . . 2 Melee . | . . . Uniques/NPCs Destroyed . | . . . Combat | -11 -10 -10 -------- Run | Yrd Mat Sub Hostile Shots Fired 66 | . 16 50 Missed 13 | . 2 11 Damage Taken 959 | . 182 777 Core 260 | . 63 197 Absorbed by Shields . | . . . Core Remaining (%) 100 | 100 . . Volleys Fired 70 | 6 23 41 Largest 2 | 2 2 2 Hottest 100 | 40 40 100 Shots Fired 130 | 12 43 75 Gun 115 | 12 43 60 Cannon . | . . . Launcher 13 | . . 13 Special 2 | . . 2 Kinetic 115 | 12 43 60 Thermal 2 | . . 2 Explosive 13 | . . 13 Electromagnetic . | . . . Robot Hit Streak 12 | 2 8 12 Robot Miss Streak 4 | 2 3 4 Penetration Max . | . . . Secondary Targets . | . . . Shots Hit Robots 86 | 5 29 52 Core Hits 37 | 3 13 21 Critical Kills 1 | . . 1 Critical Parts Destroyed 2 | . 1 1 Critical Strikes 4 | . 1 3 Destroy 4 | . 1 3 Melee Attacks . | . . . Impact . | . . . Slashing . | . . . Piercing . | . . . Sneak Attacks . | . . . Combat Hostiles . | . . . Follow-up Attacks . | . . . Damage Inflicted 1561 | 50 311 1200 Guns 882 | 50 311 521 Cannons . | . . . Explosions 679 | . . 679 Melee . | . . . Ramming . | . . . Kinetic 882 | 50 311 521 Thermal . | . . . Explosive 679 | . . 679 Electromagnetic . | . . . Impact . | . . . Slashing . | . . . Piercing . | . . . Highest Corruption . | . . . Average Corruption . | . . . Corruption Purged . | . . . Corruption Blocked . | . . . Overload Shots . | . . . Overflow Damage . | . . . Projectiles . | . . . Explosions . | . . . Melee . | . . . Knockbacks . | . . . Impact . | . . . Kinetic . | . . . Secondary . | . . . Self-Inflicted Damage . | . . . Shots . | . . . Rammed . | . . . Targets Rammed . | . . . Kicked . | . . . Crushed . | . . . Highest Temperature 18 | . 18 . Average Temperature 8 | . 8 . Received Heat Transfer 207 | . 90 117 Siege Activations . | . . . Robots Corrupted . | . . . Combat Hostiles . | . . . Parts Fried . | . . . Impact Corruptions . | . . . Robots Melted . | . . . Combat Hostiles . | . . . Parts Melted . | . . . Heat Transferred . | . . . Parts Sabotaged . | . . . Parts Stolen . | . . . Parts Stripped . | . . . Power Chain Reactions . | . . . Alert | -11 -10 -10 ------- Run | Yrd Mat Sub Peak Influence 173 | 10 173 . Initial 6 | . 6 . Average 32 | 3 35 . Maximum Alert Level . | . . . Low Security (%) 100 | 100 100 . Level 1 . | . . . Level 2 . | . . . Level 3 . | . . . Level 4 . | . . . Level 5 . | . . . High Security . | . . . Max Security . | . . . Squads Dispatched . | . . . Investigation . | . . . Extermination . | . . . Reinforcement . | . . . Assault . | . . . Garrison . | . . . Intercept . | . . . Searches Triggered . | . . . Construction Impeded . | . . . Haulers Reinforced . | . . . Active Scanning Responses . | . . . Cargo Convoy Interrupts . | . . . Stealth | -11 -10 -10 --------- Run | Yrd Mat Sub Distress Signals . | . . . Communications Jammed . | . . . Distress Signals . | . . . Times Spotted 19 | . 8 11 Peak Tracking Total 4 | . 4 2 Tactical Retreats 1 | . 1 . Traps | -11 -10 -10 ------- Run | Yrd Mat Sub Traps Triggered 2 | . 2 . Indirectly . | . . . Trap Hack Attempts . | . . . Triggered . | . . . Disarmed . | . . . Reprogrammed . | . . . Reused . | . . . Traps Extracted . | . . . Installed . | . . . Triggered . | . . . Machines | -11 -10 -10 ---------- Run | Yrd Mat Sub Machines Disabled . | . . . Max in Single Turn . | . . . Machines Repaired . | . . . Machines Dismantled . | . . . Machines Sabotaged . | . . . Overloaded Fab Kills . | . . . Hacking | -11 -10 -10 --------- Run | Yrd Mat Sub Machines Accessed 2 | . 1 1 Terminals 1 | . 1 . Fabricators . | . . . Repair Stations . | . . . Recycling Units . | . . . Scanalyzers . | . . . Garrison Access . | . . . Total Hacks 9 | . 4 5 Successful 7 | . 2 5 Failed 2 | . 2 . Catastrophic . | . . . Database Lockouts . | . . . Manual 4 | . 4 . Terminals 4 | . 4 . Fabricators . | . . . Repair Stations . | . . . Recycling Units . | . . . Scanalyzers . | . . . Garrison Access . | . . . Terminal Hacks 5 | . . 5 Record 5 | . . 5 Fabricator Hacks . | . . . Repair Station Hacks . | . . . Recycling Unit Hacks . | . . . Scanalyzer . | . . . Garrison Access Hacks . | . . . Unauthorized Hacks 1 | . 1 . Terminals 1 | . 1 . Botnet 1 | . 1 . Fabricators . | . . . Repair Stations . | . . . Recycling Units . | . . . Scanalyzers . | . . . Garrison Access . | . . . Data Cores Recovered . | . . . Used . | . . . Hacking Detections 1 | . 1 . Full Trace Events . | . . . Feedback Events . | . . . Feedback Blocked . | . . . Robot Schematics Acquired . | . . . Robots Built . | . . . Authchips . | . . . Time . | . . . Total Robot Build Rating . | . . . Part Schematics Acquired . | . . . Parts Built . | . . . Authchips . | . . . Time . | . . . Total Part Build Rating . | . . . Parts Repaired . | . . . Time . | . . . Parts Recycled . | . . . Recycled Matter . | . . . Retrieved Matter . | . . . Retrieved Components . | . . . Parts Scanalyzed . | . . . Part Schematics Acquired . | . . . Parts Damaged . | . . . Bothacking | -11 -10 -10 ------------ Run | Yrd Mat Sub Used RIF Installer . | . . . Robots Hacked . | . . . Non-combat . | . . . Combat . | . . . Robot Hacks Applied . | . . . Relay Couplers Released . | . . . Fabnet Peak Effective % . | . . . Robots Rewired . | . . . Allies Hacked . | . . . Hacks Repelled . | . . . Allies | -11 -10 -10 -------- Run | Yrd Mat Sub Total Allies . | . . . Largest Group . | . . . Highest-Rated Group . | . . . Highest-Rated Ally . | . . . Total Orders . | . . . Ally Attacks . | . . . Total Damage . | . . . Kills . | . . . Allies Corrupted . | . . . Allies Melted . | . . . Intel | -11 -10 -10 ------- Run | Yrd Mat Sub Robot Analysis Total . | . . . Derelict Logs Recovered . | . . . Drone Launches . | . . . Drone Recoveries . | . . . Exploration | -11 -10 -10 ------------- Run | Yrd Mat Sub Turns Passed 2231 | 82 1003 1146 Spaces Moved 1049 | 47 211 791 Core 7 | 7 . . Treads . | . . . Legs 1042 | 40 211 791 Wheels . | . . . Hover . | . . . Flight . | . . . Fastest Speed 50 | 50 120 120 Average Speed 121 | 109 120 122 Slowest Speed 190 | 120 120 190 Overloaded Moves . | . . . Propulsion Burnouts . | . . . Robots Hopped . | . . . Cave-ins Triggered . | . . . Exploration Rate (%) 31 | 3 29 63 Regions Visited 2 Branch Regions 1 Pre-discovered Areas . | . . . Known Exits Taken . | . . . Unknown Exits Taken 2 | 1 1 . Scrap Searched . | . . . Spaces Dug . | . . . Terrain Destroyed 86 | . . 86 Melee . | . . . Projectile . | . . . AOE 86 | . . 86 Terrain Rammed . | . . . Walls Destroyed . | . . . Machines Disabled . | . . . Actions | -11 -10 -10 --------- Run | Yrd Mat Sub Total 1878 | 63 921 894 Wait 702 | . 678 24 Move 1047 | 46 210 791 Hop . | . . . Pick Up 16 | 4 5 7 Fast Attach 12 | 7 2 3 Attach 4 | . . 4 Detach 1 | . . 1 Swap 11 | . 1 10 Drop 15 | . 2 13 Fire 70 | 6 23 41 Melee . | . . . Ram . | . . . Kick . | . . . Crush . | . . . Escape Stasis . | . . . Rewire . | . . . Trap . | . . . Miscellaneous . | . . . Route ------- -11/Scrapyard -10/Materials (discovered 2 exits: [*Mat] / *Sub) -10/Subcaves (discovered 1 exit: [*Mat]) History --------- Turn | Location | Event 8 | -11/Scrapyard | Discovered new exit (range 15) 83 | -11/Scrapyard | Entered Materials 317 | -10/Materials | Discovered new exit (range 13) 325 | -10/Materials | Build established: Mutant 1059 | -10/Materials | Discovered new exit (range 2) 1086 | -10/Materials | Entered Subcaves 1122 | -10/Subcaves | Visited Clippyterm 1126 | -10/Subcaves | Learned Research machine intel 1126 | -10/Subcaves | Learned 40 Factory zone layouts 1172 | -10/Subcaves | Shifting Twisted Machinery released Sub. Laser 1327 | -10/Subcaves | Core integrity fell below 50% 1378 | -10/Subcaves | Shifting Twisted Machinery released Scrap Shield 1645 | -10/Subcaves | Build established: Scavenger-Mutant 1741 | -10/Subcaves | Shifting Twisted Machinery released Sub. Power Source 1748 | -10/Subcaves | Shifting Twisted Machinery released Sub. Beam Cannon 1763 | -10/Subcaves | Discovered new exit (range 13) 1926 | -10/Subcaves | Core integrity fell below 20% 2232 | -10/Subcaves | Destroyed by 3T-8BK(R) with Subdweller Beam Cannon Last Messages --------------- 01793_ Acquired Sub. Beam Cannon. 01801_ Acquired 20 matter. 01819_ Acquired 18 matter. 01821_ Dropped Sub. Power Source. 01822_ Acquired Mak. Power Source. 01912_ G-34 Mercenary destroyed. 01927_ Y-45 Defender destroyed. 01930_ Acquired 45 matter. 01931_ Lgt. Armor Plating fries itself beyond repair. 01932_ Dropped Sub. Machine Gun. 01934_ Heat Sink fries itself beyond repair. 01935_ Acquired 6 matter. 01938_ Lgt. Treads fries itself beyond repair. 01939_ Acquired 53 matter. 01950_ Dropped Aluminum Leg. 01952_ Acquired 20 matter. 01959_ Subatomizers dissect the Wheel. 02110_ 8W-4QM(u) tweaks Twisted Machinery. 02231_ Seismic Detector destroyed. Map ----- +----------------------------------------------------+ | ?????????????????????????????????????????## | | ?????????????????????????????????????????# | | ?????????????????????????????????????????## | | ??????????????????????????????????????????# | | ??????????????????????????????????????????? | | ??????????????????????????????????????????? | | ???????????????????????? #????????????????? | | ??????????????????????? ##??????????????## | | ???????????????????#### #?????????????## | | ??????????????????? #?????????????# | | ?????????????????? #?????????????# | | ?????????????????? #?????????????### | | ?????????????????? #???????????????? | | ?????????????????? R #???????????????? | | ?????????????????# #???????????????? | | ?????????????????# #????????????????? | | ?????????????????# ?????????????????? | | ????????????????## ???????????????????? | | ????????????????# ????????????????????? | | ????????????????# R## ????????????????????? | | ????????????????# ?????????????????????? | | ????????????????# ?????????????????????? | | ????????????????# #?????????????????????? | | ???????????????## #?????????????????????? | | ???????????????# #??????????????????????? | | ???????????????# @#??????????????????????? | | ???????????????# #??????????????????????? | | ??????????????## ##?????????????????????? | | ??????????????# #?????????????????????? | | ??????????????# #?????????????????????? | | ??????????????# #?????????????????????? | | ??????????????## ##?????????????????????? | | ???????????????# ##?????????????????????? | | ???????????????# ##????????????????????? | | ???????????????# ####?????????????????? | | ???????????????## #?????????????????? | | ????????????????# ##?????????????????? | | ????????????????# ##??????????????????? | | ????????????????# #?????####??????????? | | ????????????????## ###### #??????????? | | ?????????????????## ## #??????????? | | ??????????????##### #???????????? | | ??????????????# ##??????????? | | ??????????????# #??????????? | | ??????????????# #####??????????? | | ??????????????## ## ##?????????????? | | ???????????????##?# #?????????????? | | ??????????????# #?????????????? | | ??????????????# ## #?????????????? | | ??????????????## #### ##????????????? | +----------------------------------------------------+ Best States ------------- Heat Dissipation 25 Energy Generation 15 Energy Capacity 250 Matter Stores 300 Matter Capacity 300 Sight Range 16 Terrain Scan Range 16 Terrain Scan Density 10 Armor Coverage 800 Evasion (%) 55 Item Schematics ----------------- None Robot Schematics ------------------ None Fabricated ------------ Nothing Alien Tech Used ----------------- None Achievements -------------- None Challenges ------------ None Game ------ Seed HardcellNeutrinoBoomstick Manual? 0 Play Time 00:11:59 Cumulative 56.7 hours Start 2024.08.18 @ 17:44:44 End 2024.08.18 @ 17:56:12 Sessions 1 Manual Loads 0 Difficulty Rogue Special Mode None Game No. 170 Rogue 168 Adventurer 2 Explorer 0 Win Type - Total 0 Types 0/0/0/0/0/0/0/0/0 Lore% 47 Gallery% 49 Achievement% 37 Wizard Run 0 Options --------- Layout 2 ASCII 0 Keyboard 0 Movement Arrows Keybinds 0 Fullscreen 2 Font 24/Smallcaps Map View 50x44 Zoom Use 0% Tactical HUD 1 Map Filters NONE Filters NONE Steam 1 RUN: e562e6e9-bd01-4a26-a9b7-8c2548736e67